[Event "Live Chess"]
[Site "Chess.com"]
[Date "2023.05.21"]
[Round "-"]
[White "Driftboard"]
[Black "Sweet-O"]
[Result "0-1"]
[WhiteElo "883"]
[BlackElo "1424"]
[TimeControl "300"]
[EndTime "4:27:49 PDT"]
[Termination "Sweet-O won by checkmate"]

1. e4 e5 2. Nf3 Nf6 3. Nc3 Bc5 4. Bc4 d6 5. O-O Bg4 6. d3 Nc6 7. Bg5 Nd4 8. h3 Bxf3 9. gxf3 h6 10. Bxf6 Qxf6 11.
Nd5 Nxf3+ 12. Qxf3 Qxf3 13. Nxc7+ Kd7 14. Nxa8 Rxa8 15. Bd5 Qxh3 16. Bxb7 Rb8 17. Bd5 Rxb2 18. Bxf7 Rxc2 19. Bg6 Qg4+ 20. Kh1 Qxg6 21. Rg1 Qh7 22. Kh2 Rxf2+ 23. Rg2 Rxg2+ 24. Kxg2 g5 25. Kf3 h5 26. Kg3 h4+ 27. Kh3 Qh5 28. Rh1 Qf3+ 29. Kh2 g4 30. d4 Qf2# 0-1

[Event "Live Chess"]
[Site "Chess.com"]
[Date "2023.05.21"]
[Round "-"]
[White "JoRoSaR"]
[Black "SupremeTactician"]
[Result "0-1"]
[WhiteElo "1700"]
[BlackElo "2226"]
[TimeControl "300"]
[EndTime "4:27:51 PDT"]
[Termination "SupremeTactician won by resignation"]

1. e4 e5 2. Nf3 Nc6 3. Bb5 a6 4.
Bxc6 dxc6 5. O-O f6 6. d4 exd4 7. Nxd4 Bd6 8. Be3 Ne7 9. f3 Ng6 10. c4 Bd7 11. Nc3 Qe7 12. Re1 O-O-O 13. Qc2 Bc5 14.
Rad1 Be6 15. Nxe6 Bxe3+ 16. Rxe3 Qxe6 17. b3 Nf4 18. g3 Ng6 19. Red3 Ne5 20. Rxd8+ Rxd8 21. Rxd8+ Kxd8 22. Qd2+ Qd6 23. Nb1 Nxf3+ 0-1

[Event "Live Chess"]
[Site "Chess.com"]
[Date "2023.05.21"]
[Round "-"]
[White "zdanevych"]
[Black "FlorinHristea"]
[Result "0-1"]
[WhiteElo "1548"]
[BlackElo "1814"]
[TimeControl "300"]
[EndTime "4:28:01 PDT"]
[Termination "FlorinHristea won by resignation"]

1. d4 d5 2. c4 c5 3. cxd5 Qxd5 4.
Nf3 Bg4 5. Nc3 Qd8 6. d5 Nf6 7. h3 Bh5 8. e4 e6 9. Bc4 exd5 10. Nxd5 Nxd5 11. Bxd5 Nc6 12. O-O Be7 13. Qb3 Qc7 14.
Bg5 Bxf3 15. Bxf7+ Kf8 16. Bxe7+ Qxe7 17. Qxf3 Qxf7 18. Qa3 b6 19. Rad1 Rd8 20. Rde1 Nd4 21. e5 Nc2 0-1

[Event "Live Chess"]
[Site "Chess.com"]
[Date "2023.05.21"]
[Round "-"]
[White "EdenHazard8"]
[Black "Twickenham2014"]
[Result "0-1"]
[WhiteElo "1951"]
[BlackElo "2284"]
[TimeControl "300"]
[EndTime "4:28:13 PDT"]
[Termination "Twickenham2014 won by resignation"]

1. e4 c5 2. Nc3 Nc6 3. f4 g6 4. Nf3 Bg7 5. Bc4 e6 6. d3 Nge7 7. O-O O-O 8. Qe1 b6 9. Qh4 d5 10. Bb3 Nd4 11. f5 gxf5 12. Bh6 Nxf3+ 13. Rxf3 fxe4 14.
Rg3 Ng6 15. Qxd8 Rxd8 16. Bxg7 Kxg7 17. dxe4 c4 18. Ba4 Bb7 19. exd5 exd5 20. Rf1 a6 21. Rgf3 Rf8 22. Rf5 b5 0-1

[Event "Live Chess"]
[Site "Chess.com"]
[Date "2023.05.21"]
[Round "-"]
[White "Crowded_House"]
[Black "FailsGambits"]
[Result "1-0"]
[WhiteElo "1651"]
[BlackElo "1335"]
[TimeControl "300"]
[EndTime "4:28:27 PDT"]
[Termination "Crowded_House won by resignation"]

1. d4 d5 2. Bg5 f6 3. Bh4 Nh6 4. e3 Nf5 5. Bg3 Nxg3 6. hxg3 e5 7. dxe5 fxe5 8. Qh5+ g6 9. Qxe5+ Be7 10. Qxh8+ Kd7 11. Qxd8+ 1-0

[Event "Live Chess"]
[Site "Chess.com"]
[Date "2023.05.21"]
[Round "-"]
[White "ElectricFalcon"]
[Black "LL220284LL"]
[Result "0-1"]
[WhiteElo "1080"]
[BlackElo "2327"]
[TimeControl "300"]
[EndTime "4:28:58 PDT"]
[Termination "LL220284LL won by resignation"]

1. d4 Nf6 2. c4 e6 3. Nf3 Bb4+ 4.
Nc3 d5 5. Bd2 O-O 6. e3 c5 7. cxd5 exd5 8. Be2 Nc6 9. O-O cxd4 10. Nxd4 Nxd4 11. exd4 Bd6 12. Bf3 h6 13. Nxd5 Nxd5 14.
Bxd5 Bxh2+ 15. Kxh2 Qxd5 16. Kg1 Qxd4 17. Qe2 Be6 18.
Rad1 Qxb2 19. Qf3 Rad8 20. Qg3 Rxd2 21. Rxd2 Qxd2 22. a4 Rd8 23. Qf3 Qd3 24. Qxd3 Rxd3 25. g3 Ra3 0-1

[Event "Live Chess"]
[Site "Chess.com"]
[Date "2023.05.21"]
[Round "-"]
[White "Nakula1000"]
[Black "KeithArkell"]
[Result "1-0"]
[WhiteElo "650"]
[BlackElo "2487"]
[TimeControl "300"]
[EndTime "4:29:05 PDT"]
[Termination "Nakula1000 won by resignation"]

1. e4 c6 2. d4 d5 3. e5 c5 4.
Nf3 cxd4 5. Qxd4 Nc6 6. Qa4 Bd7 7. Qf4 h6 8. h4 Rc8 9. a3 e6 10. Nc3 Nge7 11. Bd3 Ng6 12. Qg3 a6 13. Bxg6 fxg6 14.
Qxg6+ Ke7 15. Be3 Be8 16. Qg4 Kd7 17. Nxd5 Qa5+ 18. c3 Qxd5 19. Rd1 Qxd1+ 20. Kxd1 Ne7 21. Nd4 Bf7 22. Qf3 Kc7 23. Qxf7 1-0

[Event "Live Chess"]
[Site "Chess.com"]
[Date "2023.05.21"]
[Round "-"]
[White "MarkLim1"]
[Black "domrobson"]
[Result "0-1"]
[WhiteElo "1689"]
[BlackElo "1720"]
[TimeControl "300"]
[EndTime "4:29:12 PDT"]
[Termination "domrobson won by resignation"]

1. d4 Nf6 2. Nf3 e6 3. e3 d5 4. Bd3 c5 5. b3 cxd4 6. exd4 Nc6 7. O-O Bd6 8. Bb2 Qc7 9. c4 O-O 10. Nc3 Bf4 11. Re1 a6 12. Rc1 Bxc1 13. Bxc1 Nb4 14.
Bb1 dxc4 15. bxc4 Qxc4 16. Bb2 Nfd5 17. Nxd5 exd5 18. Bxh7+ Kxh7 19. Ng5+ Kg8 20. Qh5 Bf5 21. g4 Bg6 22. Qh4 Nd3 23. f4 Nxe1 24. f5 Qe2 0-1

[Event "Live Chess"]
[Site "Chess.com"]
[Date "2023.05.21"]
[Round "-"]
[White "smoggyrabbit"]
[Black "Abde2012"]
[Result "1-0"]
[WhiteElo "1690"]
[BlackElo "752"]
[TimeControl "300"]
[EndTime "4:29:20 PDT"]
[Termination "smoggyrabbit won by checkmate"]

1. d4 c6 2. Nf3 d5 3. e3 Bg4 4.
Nbd2 Nf6 5. h3 Bxf3 6. Nxf3 Nbd7 7. b3 e6 8. Bd3 Bb4+ 9. Bd2 Bxd2+ 10. Qxd2 O-O 11. O-O a6 12. Ne5 Ra7 13. f4 a5 14.
Rf3 a4 15. Rg3 g6 16. Qe2 Ne4 17. Bxe4 dxe4 18. c4 axb3 19. Nxd7 Qxd7 20. Qb2 bxa2 21. Rxa2 Rxa2 22. Qxa2 b5 23. cxb5 cxb5 24. Rg5 Rb8 25. Qb1 Qd8 26. Qxe4 f6 27. Qxe6+ Kh8 28. Rd5 Qg8 29. Qxf6+ Qg7 30. Qxg7+ Kxg7 31. Kf2 b4 32. Rc5 b3 33. Rc1 b2 34. Rb1 Kf6 35. Kf3 Ke6 36. Ke4 h5 37. g4 hxg4 38. hxg4 Kf6 39. Kd5 Rb5+ 40. Kc4 Rb8 41. Kc3 g5 42. Rxb2 Rxb2 43. Kxb2 gxf4 44. exf4 Ke6 45. Kc3 Kf6 46. Kc4 Ke6 47.
Kc5 Kf6 48. d5 Ke7 49. Kc6 Kd8 50. g5 Ke8 51. g6 Kf8 52. d6 Kg7 53. d7 Kxg6 54.
d8=Q Kf5 55. Qe8 Kxf4 56. Kd5 Kf3 57. Qe4+ Kf2 58. Qd3 Kg2 59. Ke4 Kf2 60. Qe3+ Kg2 61. Kf4 Kh2 62. Qg3+ Kh1 63. Qg7 Kh2 64. Kf3 Kh1 65.
Qg2# 1-0

[Event "Live Chess"]
[Site "Chess.com"]
[Date "2023.05.21"]
[Round "-"]
[White "ProfPoisson"]
[Black "Biranidun"]
[Result "0-1"]
[WhiteElo "1215"]
[BlackElo "2533"]
[TimeControl "300"]
[EndTime "4:29:23 PDT"]
[Termination "Biranidun won by resignation"]

1. e4 c5 2. Nf3 d6 3. Bb5+ Nd7 4.
c3 a6 5. Ba4 Nf6 6. Qe2 b5 7. Bc2 Bb7 8. O-O e6 9. d4 Be7 10. Nbd2 Qc7 11. a4 cxd4 12. Nxd4 b4 13. Qc4 Qxc4 14. Nxc4 bxc3 15. bxc3 Bxe4 16. Bxe4 Nxe4 17.
Ne2 Rc8 18. f3 Rxc4 19. fxe4 Rxe4 20. Nd4 d5 21. Rb1 Bc5 22. Rd1 e5 23. Rb7 exd4 24. cxd4 Bxd4+ 25. Kf1 Ke7 26. Ba3+ Ke6 27. Rb4 Bc5 28.
Rxe4+ dxe4 29. Bb2 Ne5 30. Ke2 Nd3 31. Bxg7 Rg8 32.
Kf1 Rxg7 0-1

[Event "Live Chess"]
[Site "Chess.com"]
[Date "2023.05.21"]
[Round "-"]
[White "raminguy"]
[Black "EdenHazard8"]
[Result "1-0"]
[WhiteElo "1960"]
[BlackElo "1943"]
[TimeControl "300"]
[EndTime "4:29:37 PDT"]
[Termination "raminguy won by resignation"]

1. d4 d5 2. Nc3 Nf6 3. Bf4 a6 4. e3 c5 5. dxc5 Nc6 6. a3 e5 7.
Bg5 Bxc5 8. Bxf6 gxf6 9. Qxd5 Qe7 10. Nf3 Be6 11. Qe4 O-O-O 12. Bxa6 f5 13. Qxc6+ 1-0

[Event "Live Chess"]
[Site "Chess.com"]
[Date "2023.05.21"]
[Round "-"]
[White "wot-not"]
[Black "Ocelot32"]
[Result "0-1"]
[WhiteElo "1558"]
[BlackElo "1394"]
[TimeControl "300"]
[EndTime "4:29:44 PDT"]
[Termination "Ocelot32 won by resignation"]

1. e4 e6 2. f4 d5 3. e5 Nh6 4.
Nf3 c5 5. d4 Nc6 6. Bd3 cxd4 7.
O-O Bc5 8. Nbd2 Nb4 9. Bb5+ Bd7 10. Bxd7+ Qxd7 11. Nb3 Bb6 12. Kh1 Nf5 13. Nbxd4 Nxd4 14. Nxd4 O-O 15. f5 exf5 16. Nxf5 Rac8 17. Qg4 g6 18. Bh6 Qe6 19. Bxf8 Rxf8 20. Nh6+ Kg7 21. Qxe6 fxe6 22. Rxf8 Kxf8 23. c3 Nd3 24. Rf1+ Kg7 25. Ng4 h5 26. Nf2 Nxf2+ 27. Rxf2 Bxf2 0-1

[Event "Live Chess"]
[Site "Chess.com"]
[Date "2023.05.21"]
[Round "-"]
[White "davigator"]
[Black "Shepherds_Pie"]
[Result "1-0"]
[WhiteElo "2326"]
[BlackElo "1950"]
[TimeControl "300"]
[EndTime "4:29:45 PDT"]
[Termination "davigator won by resignation"]

1. e4 e6 2. d4 d5 3. Nc3 Bb4 4. e5 c5 5. a3 Ba5 6. b4 cxd4 7. Nb5 Bc7 8. f4 Ne7 9. Nf3 Bd7 10. Nxc7+ Qxc7 11. Bb2 Nbc6 12. Bd3 a6 13. O-O Nf5 14. Bxf5 exf5 15. Nxd4 Be6 16. Rf3 O-O 17. Rh3 g6 18. Rc1 Nxd4 19. Bxd4 Qc4 20. c3 Rac8 21. Qe1 h5 22.
Rd1 a5 23. Qg3 Kh7 24. Qg5 Qe2 25. Rf1 Rc4 26. Qe7 Kg8 27. Rhf3 axb4 28. axb4 Rfc8 29. Qxb7 R4c7 30. Qb6 Qc4 31. Qa5 Bd7 32. Re1 Be6 33. Qa1 Qc6 34. Qd1 Ra8 35. Rg3 Kh7 36. Rg5 Ra2 37. Re2 Rxe2 38. Qxe2 Rc8 39. h3 Ra8 40. Kh2 Ra1 41. Rg3 h4 42. Rf3 Qc8 43. Qf2 Qd8 44. b5 Rb1 45. b6 Bc8 46. Qc2 Rb5 47. Rf1 Bb7 48. Ra1 Qc8 49. Qa4 Qc6 50. Qc2 Qc4 51.
Qf2 1-0

[Event "Live Chess"]
[Site "Chess.com"]
[Date "2023.05.21"]
[Round "-"]
[White "Duke_of_Bebington"]
[Black "Doge_Dandolo"]
[Result "0-1"]
[WhiteElo "1577"]
[BlackElo "1884"]
[TimeControl "300"]
[EndTime "4:29:47 PDT"]
[Termination "Doge_Dandolo won by resignation"]

1. e4 c6 2. d4 d5 3. e5 Bf5 4.
g4 Be4 5. f3 Bg6 6. h4 h5 7.
Bd3 Bxd3 8. Qxd3 hxg4 9. e6 Qd6 10. exf7+ Kxf7 11. Qf5+ Nf6 12. fxg4 Qg3+ 13. Qf2 Qxg4 14. Nf3 Nbd7 15. Bg5 Kg8 16. Nbd2 Ne4 17. Nxe4 dxe4 18. Ne5 Nxe5 19. dxe5 Rd8 20. Qe3 g6 21. Rf1 Bg7 22. Qb3+ Kh7 23. Bxe7 Rd7 24. Bf6 Re8 25. Qe3 Bxf6 26.
exf6 Qxh4+ 27. Qf2 Qxf2+ 28. Rxf2 g5 29. Ke2 Kg6 30. Raf1 Rf7 31. Ke3 Re6 32. Rf5 Rexf6 33. Rxf6+ Rxf6 34. Rxf6+ Kxf6 35. Kxe4 Ke6 36. a3 a5 37. Kf3 Kf5 38. b3 b5 39. a4 b4 40.
Ke3 g4 41. Kf2 Kf4 42. Kg2 g3 43. Kg1 Kf3 0-1

[Event "Live Chess"]
[Site "Chess.com"]
[Date "2023.05.21"]
[Round "-"]
[White "ameetghasi100"]
[Black "TheSmoulderingMaster"]
[Result "1-0"]
[WhiteElo "2591"]
[BlackElo "1627"]
[TimeControl "300"]
[EndTime "4:29:48 PDT"]
[Termination "ameetghasi100 won by resignation"]

1. d4 Nf6 2. Nc3 d6 3. Bg5 Nbd7 4. e4 e5 5. Nf3 Be7 6. Bc4 O-O 7. O-O c6 8. a4 Qb6 9. Bb3 h6 10. Bh4 Re8 11. a5 Qc7 12. a6 bxa6 13. d5 cxd5 14. Nxd5 Nxd5 15. Bxd5 Rb8 16. Bxe7 Rxe7 17. b3 Nf6 18. Nd2 Nxd5 19. exd5 Bb7 20. c4 Ba8 21. Re1 f6 22. Rxa6 Qc5 23. Qa1 Qb4 24. Qa2 Rbb7 25. Re3 Qc5 26. Ne4 Qd4 27. h3 f5 28. Nxd6 Rbd7 29. Nxf5 Qf4 30. Nxe7+ 1-0

[Event "Live Chess"]
[Site "Chess.com"]
[Date "2023.05.21"]
[Round "-"]
[White "Abde2012"]
[Black "Biranidun"]
[Result "0-1"]
[WhiteElo "752"]
[BlackElo "2533"]
[TimeControl "300"]
[EndTime "4:30:00 PDT"]
[Termination "Biranidun won by resignation"]

1. d4 Nf6 2. c4 g6 3. e3 Bg7 4.
Nc3 O-O 5. Bd2 c5 6. Bd3 cxd4 7. exd4 d5 8. cxd5 Nxd5 9. Nxd5 Qxd5 10. Nf3 Bg4 11.
g3 Bxf3 12. Qxf3 Qxf3 0-1

[Event "Live Chess"]
[Site "Chess.com"]
[Date "2023.05.21"]
[Round "-"]
[White "diana21strabt"]
[Black "Ian-Morley"]
[Result "1/2-1/2"]
[WhiteElo "1757"]
[BlackElo "1062"]
[TimeControl "300"]
[EndTime "4:30:41 PDT"]
[Termination "Game drawn - insufficient material"]

1. e4 e5 2. Nf3 Nc6 3. d4 exd4 4. Bc4 Nf6 5. O-O d5 6. exd5 Nxd5 7. Re1+ Be7 8.
Nxd4 Na5 9. Bxd5 Qxd5 10. Qe2 Be6 11. Nxe6 Qxe6 12. Qxe6 fxe6 13. Rxe6 Kf7 14. Re5 Rad8 15. Nc3 Nc4 16. Re1 Bf6 17. Bf4 Bxc3 18. bxc3 c6 19.
Rab1 b6 20. g3 Rhe8 21. Kg2 Rxe1 22. Rxe1 Re8 23. Rxe8 Kxe8 24. Bb8 a6 25. Kf3 b5 26. Ke4 Kd7 27. Kd4 Nd2 28. h4 h6 29. Bf4 Nc4 30. Be5 g5 31. hxg5 hxg5 32. Bf6 g4 33.
Ke4 Ke6 34. Bd4 Na3 35. Kf4 Nxc2 36. Bg7 b4 37. cxb4 Nxb4 38. a3 Nd3+ 39. Kxg4 Nxf2+ 40. Kf3 Nd3 41. g4 Kf7 42. Bd4 Ke6 43. Ke4 Ne1 44.
g5 Kf7 45. Bf2 Nc2 46. a4 Kg6 47. Kf4 Nb4 48. Bd4 Nd5+ 49. Kg4 a5 50. Be5 Ne3+ 51. Kf4 Ng2+ 52. Kg4 Ne3+ 53. Kf3 Nc4 54. Bf4 Nb2 55.
Kg4 Nxa4 56. Bd2 c5 57. Bxa5 c4 58. Bd2 c3 59. Bc1 c2 60. Kf3 Nc3 61. Ke3 Na2 62. Kd2 Nb4 63. Kc3 Na2+ 64. Kxc2 Nxc1 65. Kxc1 Kxg5 1/2-1/2

[Event "Live Chess"]
[Site "Chess.com"]
[Date "2023.05.21"]
[Round "-"]
[White "Sha_25"]
[Black "yeetpizza74"]
[Result "1-0"]
[WhiteElo "1149"]
[BlackElo "501"]
[TimeControl "300"]
[EndTime "4:30:48 PDT"]
[Termination "Sha_25 won by checkmate"]

1. b3 d5 2. Bb2 Nc6 3. e3 e5 4. d4 exd4 5. exd4 Nf6 6. Nf3 Bg4 7. Be2 Bxf3 8. Bxf3 Bd6 9. O-O O-O 10. Nd2 Re8 11. c4 dxc4 12. Nxc4 Bb4 13. Bxc6 bxc6 14. a3 Bd6 15. Re1 Rxe1+ 16. Qxe1 c5 17. dxc5 Bxc5 18. Rd1 Qc8 19. Qe5 Nd7 20. Qxg7# 1-0

[Event "Live Chess"]
[Site "Chess.com"]
[Date "2023.05.21"]
[Round "-"]
[White "ExIsambard"]
[Black "f4nomore"]
[Result "1-0"]
[WhiteElo "1902"]
[BlackElo "1385"]
[TimeControl "300"]
[EndTime "4:31:05 PDT"]
[Termination "ExIsambard won by resignation"]

1. d4 d6 2. Nf3 g6 3. Bg5 Bg7 4. e3 h6 5. Bh4 g5 6. Bg3 Nf6 7. Bd3 O-O 8. Nbd2 Nc6 9. c3 e5 10. dxe5 dxe5 11. Qe2 e4 12. Nxe4 Nxe4 13. Bxe4 Bg4 14.
O-O a6 15. h3 Bh5 16. Qc2 Bxf3 17. Bxf3 f5 18. Bxc6 bxc6 19. Qb3+ Kh8 20. Rad1 Qf6 21. Bxc7 Rf7 22. Bd6 Rd7 23. Bc5 Rxd1 24. Rxd1 a5 25. Bd4 Qg6 26. Qb7 Rg8 27. Bxg7+ Rxg7 28. Rd7 Kh7 29. Rxg7+ Qxg7 30. Qxc6 f4 31. Qe4+ Kh8 32. exf4 gxf4 33. Qxf4 Qd7 34. Qe5+ Kg8 35. Qd4 1-0

[Event "Live Chess"]
[Site "Chess.com"]
[Date "2023.05.21"]
[Round "-"]
[White "chessfiction"]
[Black "Dhaydon19"]
[Result "0-1"]
[WhiteElo "2311"]
[BlackElo "2701"]
[TimeControl "300"]
[EndTime "4:31:06 PDT"]
[Termination "Dhaydon19 won by resignation"]

1. e4 c6 2. d4 d5 3. e5 c5 4. c3 cxd4 5. cxd4 e6 6. Nf3 Nc6 7. Bd3 Nge7 8. O-O Nf5 9. Bxf5 exf5 10. Nc3 Be7 11. a3 Be6 12. b4 Rc8 13. Ne2 O-O 14. Nf4 Qd7 15. Nd3 b6 16. Bg5 h6 17. Bxe7 Nxe7 18.
Qd2 Rc4 19. Nf4 Rfc8 20. Rac1 Ng6 21. Nxg6 fxg6 22. h4 Qc6 23. Rxc4 dxc4 24. Qf4 c3 25. Rc1 Qe4 26. g3 Bd5 27. Qxe4 Bxe4 28. Ne1 Rc4 29. Nc2 Kf7 30. Ne3 Rxd4 31. Rxc3 Ke6 32. f4 g5 33. hxg5 hxg5 34. Rc7 gxf4 35. gxf4 Rd3 36. Kf2 Rxa3 37. Rxg7 Ra2+ 38. Ke1 Ra3 39. Nc4 Rf3 40. Rxa7 b5 41.
Ra6+ Kd5 42. Nd2 Rxf4 43. e6 Rh4 44. Rb6 Bd3 45. e7 Rh8 46. Kf2 f4 47. Kf3 Re8 48. Kxf4 Rxe7 49. Rf6 Kd4 50. Nf3+ Kc3 51. Ne5 Be2 52. Rh6 Re8 53. Rh3+ Kxb4 54. Nc6+ Kc5 55. Rc3+ Kb6 56. Nd4 Bc4 57. Nf5 Kc5 58. Ne3 Rf8+ 59. Ke4 Re8+ 60. Kf4 Kd4 61. Rc1 Rxe3 0-1

[Event "Live Chess"]
[Site "Chess.com"]
[Date "2023.05.21"]
[Round "-"]
[White "Sweet-O"]
[Black "MarkLim1"]
[Result "1/2-1/2"]
[WhiteElo "1429"]
[BlackElo "1684"]
[TimeControl "300"]
[EndTime "4:31:12 PDT"]
[Termination "Game drawn by repetition"]

1. d4 Nf6 2. Nc3 d5 3. Bf4 e6 4.
e3 Bb4 5. Ne2 O-O 6. f3 c5 7. g4 cxd4 8. Qxd4 Nc6 9. Qd2 b6 10.
a3 Bd6 11. O-O-O Ba6 12. h4 Rc8 13. h5 Qe7 14. g5 Nd7 15. g6 fxg6 16. hxg6 Bxa3 17.
Rxh7 Bxb2+ 18. Kxb2 Qb4+ 19. Kc1 Qa3+ 20. Kb1 Qb4+ 21.
Kc1 Qa3+ 22. Kb1 Qb4+ 23. Kc1 1/2-1/2

[Event "Live Chess"]
[Site "Chess.com"]
[Date "2023.05.21"]
[Round "-"]
[White "DoYouLikeCurry"]
[Black "Nazar_777"]
[Result "1-0"]
[WhiteElo "1426"]
[BlackElo "1557"]
[TimeControl "300"]
[EndTime "4:31:21 PDT"]
[Termination "DoYouLikeCurry won by checkmate"]

1. e4 e6 2. d4 a6 3. f4 h5 4. Nf3 c5 5. c3 cxd4 6. cxd4 Nc6 7. Nc3 Nf6 8. e5 Ng8 9. Be2 Nh6 10. O-O Qc7 11. Qc2 Ng4 12. h3 Nh6 13. Be3 Nf5 14.
Bf2 b5 15. a3 h4 16. Kh2 Ng3 17. Bxg3 hxg3+ 18. Kxg3 Be7 19. Kh2 Bb7 20. Rad1 Na5 21. f5 Nc4 22. fxe6 dxe6 23. Qc1 Qc6 24. Rf2 g5 25. Nxg5 Kd7 26. Nxf7 Rhg8 27. Rg1 Rg7 28. Nh6 Rg6 29. Ng4 Rag8 30. Bf3 Qb6 31. Bxb7 Qxb7 32. Qb1 Rg5 33. Qe4 Qxe4 34. Nxe4 R5g7 35. Nef6+ Bxf6 36. Nxf6+ Kc6 37. Nxg8 Rxg8 38. Rf6 Kd5 39.
b3 Ne3 40. Re1 Nf5 41. g4 Nh4 42. Rd1 a5 43. Rf7 Rc8 44. Rd7+ Ke4 45. d5 exd5 46. R1xd5 Nf3+ 47. Kg3 Rh8 48. e6 Ng5 49. Rxg5 Rf8 50. Rf5 Re8 51. e7 b4 52. a4 Ke3 53.
Re5# 1-0

[Event "Live Chess"]
[Site "Chess.com"]
[Date "2023.05.21"]
[Round "-"]
[White "Tushinskiy"]
[Black "ossie57"]
[Result "1-0"]
[WhiteElo "2210"]
[BlackElo "1929"]
[TimeControl "300"]
[EndTime "4:31:26 PDT"]
[Termination "Tushinskiy won on time"]

1. d4 Nf6 2. c3 g6 3. Nf3 Bg7 4. Bf4 d6 5. Nbd2 Bg4 6. Qb3 b6 7. e4 Bxf3 8. gxf3 O-O 9. Bg3 Nh5 10. Bd3 c5 11. d5 Nd7 12. a4 a6 13. O-O Ne5 14. Be2 g5 15. Nc4 Nf4 16. Bxf4 gxf4 17. Nxe5 Bxe5 18. Kh1 Kh8 19. Rg1 Qd7 20. Rg4 f5 21.
exf5 Qxf5 22. Rag1 Qh5 23. Bd3 Qh3 24. Be4 Rf6 25.
Qxb6 Rh6 26. R1g2 Rh4 27. Qb7 Re8 28. Qd7 Rb8 29. Qxe7 Rxg4 30. Rxg4 Rg8 31. Rg1 Rxg1+ 32. Kxg1 Qh6 33. Kf1 Qg7 34. Qe8+ Qg8 35. Qd7 Qg7 36.
Qc8+ Qg8 37. Qxa6 Qd8 38. Qb7 Qg8 39. a5 1-0

[Event "Live Chess"]
[Site "Chess.com"]
[Date "2023.05.21"]
[Round "-"]
[White "LL220284LL"]
[Black "JoRoSaR"]
[Result "1-0"]
[WhiteElo "2327"]
[BlackElo "1700"]
[TimeControl "300"]
[EndTime "4:31:33 PDT"]
[Termination "LL220284LL won by checkmate"]

1. c4 f5 2. b3 e5 3. Bb2 d6 4. d4 e4 5. d5 Nf6 6. e3 Be7 7. Nc3 O-O 8. Nge2 b6 9. Nd4 Bb7 10. Nxf5 Qd7 11. Nxe7+ Qxe7 12. Be2 Nbd7 13. Nb5 Ne5 14.
Nd4 Bc8 15. h3 Qf7 16. Qc2 Nxd5 17. cxd5 Qxf2+ 18. Kd2 Qxg2 19. Rag1 Qf2 20. Rf1 Qg2 21. Rxf8+ Kxf8 22. Rf1+ Kg8 23. Qxc7 Bxh3 24. Ne6 Nf3+ 25.
Kd1 Qh2 26. Qxg7# 1-0

[Event "Live Chess"]
[Site "Chess.com"]
[Date "2023.05.21"]
[Round "-"]
[White "Twickenham2014"]
[Black "Crowded_House"]
[Result "1-0"]
[WhiteElo "2284"]
[BlackElo "1651"]
[TimeControl "300"]
[EndTime "4:31:49 PDT"]
[Termination "Twickenham2014 won by resignation"]

1. e4 e6 2. b3 d5 3. Bb2 dxe4 4. Nc3 Nf6 5. Qe2 Be7 6. Nxe4 O-O 7. O-O-O Nxe4 8. Qxe4 Bf6 9. d4 Qd5 10. Bd3 Qxe4 11.
Bxe4 c6 12. Nf3 Nd7 13. h4 Rb8 14. g4 Be7 15. g5 g6 16. Ne5 Nxe5 17. dxe5 Bc5 18.
f4 Be3+ 19. Kb1 Bxf4 20. Rh3 Bxe5 21. Bxe5 Ra8 22. Rhd3 1-0

[Event "Live Chess"]
[Site "Chess.com"]
[Date "2023.05.21"]
[Round "-"]
[White "JohanKjeldahl"]
[Black "Abde2012"]
[Result "1-0"]
[WhiteElo "1886"]
[BlackElo "752"]
[TimeControl "300"]
[EndTime "4:31:51 PDT"]
[Termination "JohanKjeldahl won by resignation"]

1. e4 c6 2. d4 d5 3. Nc3 Nf6 4.
e5 Ne4 5. Bd3 Nxc3 6. bxc3 Be6 7. f4 g6 8. Nf3 Bg7 9. O-O Nd7 10. Ng5 O-O 11. Nxe6 fxe6 12. Qg4 Qa5 13. Qxe6+ Rf7 14. Qxd7 Qxc3 15. Be3 1-0

[Event "Live Chess"]
[Site "Chess.com"]
[Date "2023.05.21"]
[Round "-"]
[White "LiamClery2020"]
[Black "WelshTiger"]
[Result "0-1"]
[WhiteElo "1999"]
[BlackElo "2313"]
[TimeControl "300"]
[EndTime "4:31:53 PDT"]
[Termination "WelshTiger won by resignation"]

1. e4 c5 2. Nf3 d6 3. Bb5+ Nd7 4. Bxd7+ Bxd7 5. O-O g6 6. Re1 Bg7 7. h3 Nf6 8. c3 O-O 9. d4 Qc7 10. Na3 a6 11.
Bf4 Ne8 12. e5 b5 13. d5 dxe5 14. Nxe5 Nd6 15. Qf3 Rae8 16. Rad1 Qc8 17. c4 b4 18. Nc2 Bxe5 19. Bxe5 Nxc4 20. Rc1 Nxe5 21. Rxe5 Qb8 22. Re3 e6 23. dxe6 Bxe6 24. b3 a5 25. Rce1 a4 26.
bxa4 Bxa2 27. Qf6 b3 28. Na3 Rxe3 29. Rxe3 b2 30. a5 b1=Q+ 31. Nxb1 Qxb1+ 32. Kh2 Be6 33. Rxe6 fxe6 34. Qxe6+ Kg7 35. Qe5+ Kh6 36. Qe3+ g5 37. Qe6+ Qg6 0-1

[Event "Live Chess"]
[Site "Chess.com"]
[Date "2023.05.21"]
[Round "-"]
[White "miguelchuk"]
[Black "Chesscoach_Golichenko"]
[Result "0-1"]
[WhiteElo "1581"]
[BlackElo "2611"]
[TimeControl "300"]
[EndTime "4:32:10 PDT"]
[Termination "Chesscoach_Golichenko won on time"]

1. c4 Nf6 2. Nc3 e5 3. g3 d5 4. Bg2 d4 5. Nd5 c6 6. Nxf6+ Qxf6 7. d3 h5 8. Nf3 Bd6 9. Bg5 Qg6 10. Qd2 f6 11. Bh4 a5 12. O-O Qf7 13. e3 g5 14.
Bxg5 fxg5 15. Nxg5 Qg6 16. Ne4 Be7 17. exd4 exd4 18.
Rae1 O-O 19. a3 Bg4 20. f4 Nd7 21. h3 Bf5 22. Kh2 Kh8 23. Rg1 b6 24. Nf2 Bd6 25. Ne4 Rg8 26. Nxd6 Qxd6 27. Bf3 Qh6 28. Qf2 Qf6 29. Bxh5 Bxd3 30. g4 Raf8 31. f5 Bxc4 32. Qf4 Bd5 33. Bg6 Rxg6 0-1

[Event "Live Chess"]
[Site "Chess.com"]
[Date "2023.05.21"]
[Round "-"]
[White "Greenbecker"]
[Black "WilliamofOrange16th"]
[Result "0-1"]
[WhiteElo "1685"]
[BlackElo "1869"]
[TimeControl "300"]
[EndTime "4:32:10 PDT"]
[Termination "WilliamofOrange16th won by checkmate"]

1. e4 d6 2. d4 Nf6 3. Nc3 Nbd7 4. Nf3 e5 5. dxe5 dxe5 6. Bc4 Be7 7. O-O O-O 8. Nd5 Nxd5 9. Bxd5 c6 10. Bb3 Qc7 11.
Be3 Nc5 12. Bxc5 Bxc5 13. Qe2 h6 14. Rad1 b5 15. c3 Bg4 16. h3 Bh5 17. g4 Bg6 18.
Nh4 Bh7 19. Qf3 a5 20. a4 g6 21. Qf6 Be7 22. Qf3 Bxh4 23. Rd3 Rad8 24. Rfd1 Rxd3 25.
Rxd3 Kg7 26. axb5 cxb5 27. Rd5 a4 28. Ba2 b4 29. c4 b3 30. Bb1 Qxc4 31. Bd3 Qc1+ 32.
Kg2 Qxb2 33. Bc4 Qc2 34. Bd3 Qc3 35. Rd7 Bf6 36. Qe2 b2 37. Bb1 a3 38. Ba2 g5 39.
Qb5 Bxe4+ 40. Kh2 Qf3 41. Qb6 Qg2# 0-1

[Event "Live Chess"]
[Site "Chess.com"]
[Date "2023.05.21"]
[Round "-"]
[White "CeladonFish"]
[Black "WilliWeisswurst"]
[Result "0-1"]
[WhiteElo "1096"]
[BlackElo "1775"]
[TimeControl "300"]
[EndTime "4:32:23 PDT"]
[Termination "WilliWeisswurst won by resignation"]

1. d4 d5 2. c4 dxc4 3. Nc3 e6 4.
Bf4 Nf6 5. Nf3 a6 6. e3 Bb4 7.
Bxc4 Bxc3+ 8. bxc3 O-O 9. Bd3 Nbd7 10. O-O b6 11. e4 Bb7 12. e5 Nd5 13. Bd2 h6 14. Be4 Rb8 15. Bxd5 Bxd5 16. Qc2 c5 17. dxc5 Nxc5 18. Rfd1 Be4 19. Qb2 Nd3 20. Qc2 Nxf2 21.
Qc1 Nxd1 22. Qxd1 b5 23. Qe2 Bxf3 24. gxf3 Qb6+ 25. Kf1 Rfd8 26. Qg2 Kh7 0-1

[Event "Live Chess"]
[Site "Chess.com"]
[Date "2023.05.21"]
[Round "-"]
[White "McSlash1"]
[Black "JoeRoot66"]
[Result "0-1"]
[WhiteElo "2000"]
[BlackElo "1916"]
[TimeControl "300"]
[EndTime "4:32:26 PDT"]
[Termination "JoeRoot66 won by resignation"]

1. e4 c6 2. d4 d5 3. Nc3 dxe4 4. Nxe4 Nf6 5. Nxf6+ exf6 6. Nf3 Bd6 7. Bd3 O-O 8.
O-O Re8 9. Re1 Nd7 10. h3 Nf8 11. c4 Rxe1+ 12. Qxe1 Be6 13. b3 Qd7 14. Bb2 Re8 15.
Qc3 Ng6 16. Rd1 b6 17. Bc2 a5 18. c5 Bc7 19. a4 Bd5 20. Bc1 Bf4 21. cxb6 Bxc1 22.
Rxc1 Nf4 23. Bd1 Qd6 24. Qc5 Qb8 25. Qxa5 Nd3 26. Rb1 Be4 27. Ra1 Qd8 28. Qa7 Bxf3 29. Bxf3 Qxd4 30. Rd1 Qxf2+ 31. Kh2 Ne5 32. b7 Nxf3+ 33.
Kh1 Re1+ 34. Rxe1 Qxe1+ 0-1